Description

Hellbat push with marines and liberator followup, 7k mmr execution

Replay - 7k mmr TvZ Light Hellbat Push

Build Order

Get SALT Encoding   

  12  0:00  SCV  
  13  0:12  SCV  
  14  0:17  Supply Depot  
  14  0:24  SCV  
  15  0:38  SCV  
  15  0:40  Barracks  
  16  0:43  Refinery  
  16  0:51  SCV  
  17  1:03  SCV  
  18  1:15  SCV  
  19  1:27  Orbital Command, Reaper  
  20  1:39  Command Center  
  20  1:48  Supply Depot  
  20  1:52  SCV  
  21  1:58  Marine  
  22  2:04  SCV  
  22  2:07  Factory  
  23  2:13  Refinery  
  23  2:16  SCV  
  23  2:19  Barracks Reactor  
  26  2:51  Orbital Command  
  26  2:54  Starport  
  27  3:01  Hellion x2  
  27  3:04  Marine  
  35  3:21  Supply Depot  
  35  3:22  Marine, Hellion x2  
  40  3:30  Medivac  
  40  3:32  Armory  
  42  3:39  Marine  
  43  3:44  Hellion x2  
  47  3:48  Supply Depot  
  49  3:59  Liberator  
  54  4:10  Hellion x2  
  54  4:12  Supply Depot  
  62  4:33  Hellion x2  
  62  4:34  Barracks Tech Lab  
  69  4:56  Command Center  
Spawning Tool Build Advisor. Get it on Overwolf

Go to:

Details

  • Created by: talisman_tv
  • Published on: Dec 08, 2020
  • Modified on: Dec 08, 2020
  • Patch: 4.11.0
  • Difficulty: Medium
Show
View Real Time Build Order
Export as new Build Order

Comments (0)

There are no comments. Be the first!

Create an account to comment!